 Dungeon Crawl Stone Soup version 0.22-a0-240-g539252a (webtiles) character file.

1381 b5mith the Poker (level 8, 0/73 HPs)
             Began as a Minotaur Berserker on Feb 21, 2018.
             Was a Priest of Trog.
             Slain by a hound (4 damage)
             ... on level 8 of the Dungeon.
             The game lasted 00:17:31 (4605 turns).

b5mith the Poker (Minotaur Berserker)               Turns: 4605, Time: 00:17:31

Health: 0/73       AC:  8    Str: 23    XL:     8   Next: 39%
Magic:  7/7        EV: 29    Int:  4    God:    Trog [***...]
Gold:   223        SH:  0    Dex: 11    Spells: 7/7 levels left

rFire    . . .     SeeInvis .   y - -2 trident (curse)
rCold    . . .     Gourm    .   (no shield)
rNeg     . . .     Faith    .   g - +1 acid dragon scales (curse)
rPois    .         Spirit   .   (helmet restricted)
rElec    .         Reflect  .   (no cloak)
rCorr    +         Harm     .   (no gloves)
MR       .....                  (no boots)
Stlth    +.........             t - amulet of the acrobat
HPRegen  0.22/turn              q - ring of wizardry
MPRegen  0.10/turn              o - ring of resist corrosion

@: berserk cooldown, slowed, very slow
A: retaliatory headbutt, horns 2
a: Berserk, Trog's Hand, Renounce Religion


You were on level 8 of the Dungeon.
You worshipped Trog.
Trog was most pleased with you.
You were hungry.

You visited 1 branch of the dungeon, and saw 7 of its levels.

You collected 223 gold pieces.

Inventory:

Hand Weapons
 a - a +0 spear
 u - a +0 glaive
 y - a cursed -2 trident (weapon)
Missiles
 s - 127 stones (quivered)
 F - 3 tomahawks
Armour
 b - a +0 animal skin
 g - cursed +1 acid dragon scales (worn)
 r - a +3 leather armour of positive energy
Jewellery
 e - an uncursed ring of ice
 o - a ring of resist corrosion (right hand)
 q - a ring of wizardry (left hand)
 t - an amulet of the acrobat (around neck)
 w - an uncursed amulet of magic regeneration {unknown}
Wands
 n - a wand of flame (29)
 p - a wand of acid (3)
 v - a wand of iceblast (8)
Scrolls
 h - a scroll of enchant weapon
 k - a scroll of noise
 l - a scroll of magic mapping
 m - 8 scrolls of teleportation
 C - a scroll of identify {@r1}
Potions
 d - 5 potions of curing {@q1}
 f - a potion of mutation {unknown}
 i - a potion of ambrosia {unknown}
 j - 2 potions of berserk rage
 x - a potion of brilliance {unknown}
 z - a potion of lignification {unknown}
 A - a potion of resistance {unknown}
 B - a potion of agility {unknown}
Comestibles
 c - 6 rations


   Skills:
 + Level 7.2 Fighting
 + Level 7.2 Polearms
 + Level 6.5 Armour
 + Level 6.0 Dodging


You had 7 spell levels left.
You didn't know any spells.

Dungeon Overview and Level Annotations

Branches:
Dungeon (6/15)             Temple (0/1) D:4

Altars:
Ashenzari
Elyvilon
Okawaru
Uskayaw
Vehumet
Zin


Innate Abilities, Weirdness & Mutations

You reflexively headbutt those who attack you in melee.
You have a pair of horns on your head.


Message History

You furiously retaliate!
You headbutt the bullfrog! You puncture the bullfrog!
You kill the bullfrog!
Trog accepts your kill.
Your Dodging skill increases to level 6!
You feel a strong urge to attack something.
The orc shouts!
You hear a bark!
You hear a shout! x2
Found a ring mail and a robe.
A hound and an orc come into view.
You feel your anger nearly subside.
You are no longer berserk.
You are exhausted.
You feel yourself slow down.
The hound moves out of view.
An orc wizard comes into view. It is wielding a dagger.
The orc wizard shouts!
Found a scroll of magic mapping.
An orc comes into view.
The orc misses you.
An orc comes into view. It is wielding a flail.
The jelly seems to regain its courage.
The hound bites you.
You die...

.##. J#. ###
... ##.. .. ...
#.#.. . ... #.
#.# ##. #@#
....###h#####
...oo..o..[.###
...o#......[...
o. #.#.###.###
#?#.# # #.#.#
.# # # #.###.#
.#.#
#†##..#.....


You could see a hound, a jelly and an orc.

Vanquished Creatures
  The ghost of samfromsteam the Skirmisher, an amateur MiBe of Trog (D:4)
  The ghost of Mosozago the Skirmisher, an amateur OgBe of Trog (D:3)
  A sky beast (D:6)
  A phantom (D:6)
  A centaur (D:5)
  2 bullfrogs
  3 hounds
  An orc priest (D:4)
  An iguana (D:5)
  A jelly (D:4)
  A gnoll shaman (D:3)
  Ijyb (D:3)
  4 orc wizards
  2 worker ants (D:6)
  Terence (D:2)
  A hound skeleton (D:5)
  8 gnolls
  4 adders
  An ooze (D:2)
  An adder zombie (D:5)
  2 worms (D:2)
  2 dart slugs
  5 leopard geckos
  18 orcs
  6 giant cockroaches
  9 goblins
  10 hobgoblins
  7 jackals
  2 quokkas (D:3)
  6 bats
  11 frilled lizards
  A jackal zombie (D:5)
  10 kobolds
  A quokka zombie (D:6)
  4 rats
131 creatures vanquished.

Notes
Turn   | Place    | Note
-------+----------+-------------------------------------------
     0 | D:1      | b5mith the Minotaur Berserker began the quest for the Orb.
     0 | D:1      | Reached XP level 1. HP: 19/19 MP: 0/0
   111 | D:1      | Reached XP level 2. HP: 20/27 MP: 1/1
   224 | D:1      | Reached ** piety under Trog
   459 | D:1      | Reached XP level 3. HP: 33/33 MP: 2/2
   911 | D:2      | Reached XP level 4. HP: 41/41 MP: 3/3
   967 | D:2      | Noticed Terence
   970 | D:2      | Killed Terence
  1203 | D:3      | Noticed Mosozago's ghost (amateur OgBe)
  1214 | D:3      | Killed Mosozago's ghost
  1214 | D:3      | Reached XP level 5. HP: 31/47 MP: 4/4
  1255 | D:3      | Found an iron altar of Okawaru.
  1355 | D:3      | Found a white marble altar of Elyvilon.
  1450 | D:3      | Reached skill level 5 in Fighting
  1656 | D:3      | Reached skill level 5 in Polearms
  1864 | D:3      | Noticed Ijyb
  1877 | D:3      | Killed Ijyb
  1877 | D:3      | Reached *** piety under Trog
  2420 | D:4      | Reached XP level 6. HP: 52/56 MP: 5/5
  2875 | D:4      | Reached XP level 7. HP: 58/62 MP: 6/6
  2983 | D:4      | You fall through a shaft for 2 floors!
  3134 | D:6      | Reached skill level 5 in Armour
  3318 | D:6      | Reached skill level 5 in Dodging
  3361 | D:5      | Entered Level 5 of the Dungeon
  3448 | D:4      | Noticed samfromsteam's ghost (amateur MiBe)
  3464 | D:4      | Killed samfromsteam's ghost
  3694 | D:4      | Found a staircase to the Ecumenical Temple.
  3732 | D:5      | Reached XP level 8. HP: 71/71 MP: 7/7
  3814 | D:5      | Found a radiant altar of Vehumet.
  3866 | D:5      | Found a hide-covered altar of Uskayaw.
  3867 | D:5      | Noticed a hand axe
  3868 | D:5      | Noticed a hand axe
  3944 | D:5      | Found a shattered altar of Ashenzari.
  4252 | D:5      | Found a glowing silver altar of Zin.
  4554 | D:5      | You fall through a shaft for 3 floors!
  4559 | D:8      | Noticed a two-headed ogre
  4596 | D:8      | HP: 2/73 [bullfrog (6)]
  4605 | D:8      | Slain by a hound

Vault maps used:
D:1:      dpeg_arrival_long_road
D:2:      lemuel_another_geyser, uniq_terence
D:3:      lemuel_doored_altar, first_ration, okawaru_ov_weapons_minmay,
          uniq_ijyb
D:4:      minmay_temple_entry_nine_rooms, hangedman_decor_lopped
D:5:      old_standard_altar, dancing_weapons_uskayaw,
          nicolae_ashenzari_panopticon, nicolae_overflow_crystal_walls,
          minmay_misc_feat_tower, minmay_item_behind_shaft,
          kennysheep_generic_room_13
D:8:      unseen_surprise_small

Skill      XL: |  1  2  3  4  5  6  7  8 |
---------------+-------------------------+-----
Fighting       | 4 5 6 7 |  7.2
Polearms       | 4 5 6 7 |  7.2
Armour         | 3 4 6 |  6.5
Dodging        | 3 4 5 6 |  6.0

Action                   |  1- 3 |  4- 6 |  7- 9 || total
-------------------------+-------+-------+-------++-------
Melee: Spear             |   105 |     2 |       ||   107
       Headbutt          |    13 |    19 |    22 ||    54
       Glaive            |       |    51 |       ||    51
       Trident           |       |    85 |   154 ||   239
Throw: Stone             |     9 |    31 |     5 ||    45
Invok: Berserk           |       |     1 |     1 ||     2
  Use: Scroll            |       |    10 |     2 ||    12
       Potion            |       |       |     2 ||     2
 Stab: Sleeping          |     1 |       |       ||     1
  Eat: Chunk             |       |     3 |       ||     3
       Ration            |       |     1 |     2 ||     3
Armor: Animal skin       |     4 |       |       ||     4
       Acid dragon scale |     3 |    30 |    32 ||    65
Dodge: Dodged            |    36 |    78 |    87 ||   201

Table legend:
 A = Spawn XP
 B = Non-spawn XP
 C = Spawn XP percentage of total XP
 D = Spawn monster count
 E = Non-spawn monster count
 F = Spawn count percentage of total count
 G = Total turns spent on level
                    A         B        C        D         E        F      G
               +---------+---------+-------+---------+---------+-------+---------
         Total |       0 |    1973 |   0.0 |       0 |     131 |   0.0 |  4605
               +---------+---------+-------+---------+---------+-------+---------
           D:1 |       0 |      47 |   0.0 |       0 |      26 |   0.0 |   625
           D:2 |       0 |      93 |   0.0 |       0 |      23 |   0.0 |   558
           D:3 |       0 |     392 |   0.0 |       0 |      30 |   0.0 |  1386
           D:4 |       0 |     562 |   0.0 |       0 |      13 |   0.0 |   771
           D:5 |       0 |     448 |   0.0 |       0 |      32 |   0.0 |   836
           D:6 |       0 |     318 |   0.0 |       0 |       5 |   0.0 |   378
           D:8 |       0 |     113 |   0.0 |       0 |       2 |   0.0 |    51
               +---------+---------+-------+---------+---------+-------+---------
